 Dungeon Crawl Stone Soup version 0.24-a0-584-g9d6b971ae4 (webtiles) character file.

Game seed: 10586757766646351185, levelgen mode: deterministic

174 Gynju the Magician (level 5, -1/28 HPs)
             Began as a Deep Elf Wizard on Sept 4, 2019.
             Hit by a boomerang thrown by an orc (2 damage)
             ... on level 3 of the Dungeon.
             The game lasted 00:04:25 (2480 turns).

Gynju the Magician (Deep Elf Wizard)                Turns: 2480, Time: 00:04:26

Health: -1/28      AC:  5    Str:  4    XL:     5   Next: 28%
Magic:  3/15       EV: 13    Int: 24    God:
Gold:   134        SH:  0    Dex: 13    Spells: 11/16 levels left

rFire    . . .     SeeInvis .   f - +0 short sword
rCold    . . .     Gourm    .   (no shield)
rNeg     . . .     Faith    .   a - +0 robe
rPois    .         Spirit   .   b - +0 hat
rElec    .         Reflect  .   (no cloak)
rCorr    .         Harm     .   h - +2 pair of gloves
MR       .....                  (no boots)
Stlth    ++........             (no amulet)
HPRegen  0.09/turn              (no ring)
MPRegen  0.14/turn              (no ring)

@: no status effects
A: no striking features
a: no special abilities


You were on level 3 of the Dungeon.
You were not hungry.

You visited 1 branch of the dungeon, and saw 3 of its levels.

You collected 134 gold pieces.

Inventory:

Hand Weapons
 f - a +0 short sword (weapon)
Missiles
 o - 7 silver javelins (quivered)
Armour
 a - a +0 robe (worn)
 b - a +0 hat (worn)
 h - a +2 pair of gloves (worn)
Scrolls
 c - a scroll of immolation {unknown}
 g - a scroll of teleportation {unknown}
 j - 4 scrolls of identify {unknown}
 q - a scroll of fear {unknown}
 r - a scroll of fog {unknown}
 s - a scroll of remove curse {unknown}
Potions
 e - 2 potions of curing {unknown}
 i - 3 potions of flight {unknown}
 k - 3 potions of degeneration {unknown}
 l - a potion of magic {unknown}
 n - a potion of agility {unknown}
 p - 2 potions of haste {unknown}
Comestibles
 d - 3 rations


   Skills:
 + Level 0.0 Fighting
 - Level 2.4 Dodging
 - Level 2.4 Stealth
 + Level 6.0 Spellcasting
 + Level 3.5 Conjurations
 - Level 2.2 Summonings
 - Level 2.2 Translocations


You had 11 spell levels left.
You knew the following spells:

 Your Spells              Type           Power        Failure   Level  Hunger
a - Magic Dart            Conj           ###.         1%          1    None
b - Blink                 Tloc           N/A          4%          2    None
c - Call Imp              Summ           ###.....     4%          2    None

Your spell library contained the following spells:

 Spells                   Type           Power        Failure   Level  Hunger
 Slow                     Hex            #.......     12%         2    None
 Conjure Flame            Conj/Fire      ###.....     12%         3    #......
 Mephitic Cloud           Conj/Pois/Air  ##......     14%         3    #......


Dungeon Overview and Level Annotations

Branches:
Dungeon (3/15)

Altars:
Zin


Message History

Press: ? - help, Shift-Dir - straight line, f/p - orc priest
Aim: an orc priest, wielding a +0 flail and wearing a +0 leather armour (severely wounded)
The magic dart hits the orc priest!
You kill the orc priest!
Training target 2.0 for Translocations reached!
Training target 2.0 for Summonings reached!
Your Summonings skill increases to level 2!
Your Translocations skill increases to level 2!
You need to enable at least one skill for training.
The orc throws a boomerang.
The boomerang barely misses you.
The weapon returns to the orc!
The orc throws a boomerang.
The boomerang closely misses you.
The weapon returns to the orc!
The orc throws a boomerang.
The boomerang closely misses you.
The weapon returns to the orc!
The orc throws a boomerang.
The boomerang hits you.
* * * LOW HITPOINT WARNING * * *
The weapon returns to the orc!
The orc throws a boomerang.
The boomerang hits you.
You die...

### ..# ###.#
..#.######
#)#.#...@#
#)#......#
####.#)#......#
#......o......#
#.######......#
...###### ....#
###.## #.


You could see an orc.

Vanquished Creatures
  A scorpion (D:2)
  An orc priest (D:3)
  2 adders (D:2)
  5 leopard geckos
  2 orcs (D:3)
  12 bats
  5 giant cockroaches
  6 goblins
  8 hobgoblins
  4 jackals (D:2)
  A quokka (D:1)
  2 frilled lizards
  7 kobolds
  13 rats
69 creatures vanquished.

Notes
Turn   | Place    | Note
-------+----------+-------------------------------------------
     0 | D:1      | Gynju the Deep Elf Wizard began the quest for the Orb.
     0 | D:1      | Reached XP level 1. HP: 10/10 MP: 7/7
   207 | D:1      | Reached XP level 2. HP: 15/15 MP: 3/9
   377 | D:1      | Reached skill level 5 in Spellcasting
   689 | D:1      | Reached XP level 3. HP: 19/19 MP: 8/11
  1482 | D:1      | Learned a level 2 spell: Blink
  1485 | D:1      | Learned a level 2 spell: Call Imp
  1609 | D:2      | Noticed a scorpion
  1618 | D:2      | Killed a scorpion
  1618 | D:2      | Reached skill level 6 in Spellcasting
  1618 | D:2      | Reached XP level 4. HP: 24/24 MP: 2/14
  2280 | D:2      | Reached XP level 5. HP: 28/28 MP: 11/15
  2345 | D:2      | Found a glowing silver altar of Zin.
  2479 | D:3      | HP: 1/28 [orc/boomerang (3)]
  2480 | D:3      | Hit by a boomerang thrown by an orc

Levels and vault maps discovered:
D:1:      onia_arrival_larder, layout_rooms, serial_forest,
          infiniplex_forest_lined_room_, infiniplex_forest_clump_tiny,
          infiniplex_forest_end_2, infiniplex_forest_diagonal,
          infiniplex_forest_clump_curved, infiniplex_forest_diagonal,
          infiniplex_forest_lined_4_way
D:2:      layout_rooms, zin_scriptorium
D:3:      layout_basic, gammafunk_ghost_smash, uniq_grinder

Skill      XL: |  1  2  3  4  5 |
---------------+----------------+-----
Conjurations   | 2 3 |  3.5
Spellcasting   | 5 6 |  6.0
Summonings     | 2 |  2.2
Translocations | 2 |  2.2
Dodging        | |  2.4
Stealth        | |  2.4

Action                   |  1- 3 |  4- 6 || total
-------------------------+-------+-------++-------
Melee: Unarmed           |     8 |       ||     8
       Short sword       |     1 |    10 ||    11
 Cast: Magic Dart        |    97 |    59 ||   156
  Eat: Chunk             |     2 |     3 ||     5
Armor: Robe              |     5 |     5 ||    10
Dodge: Dodged            |    18 |    27 ||    45

Table legend:
 A = Non-vault XP
 B = Vault XP
 C = Vault XP percentage of total XP
 D = Non-vault monster count
 E = Vault monster count
 F = Vault count percentage of total count
                 A         B        C        D         E       F
            +---------+---------+-------+---------+---------+-------
      Total |     237 |      12 |   4.8 |      60 |       9 |  13.0
            +---------+---------+-------+---------+---------+-------
        D:1 |      49 |      12 |  19.7 |      27 |       9 |  25.0
        D:2 |     139 |       0 |   0.0 |      28 |       0 |   0.0
        D:3 |      49 |       0 |   0.0 |       5 |       0 |   0.0
            +---------+---------+-------+---------+---------+-------
